 Dungeon Crawl Stone Soup version 0.23.2-33-g5129a83184 (webtiles) character file.

Game seed: 17759726918495287425

170 MalarOregon the Digger (level 5, 0/46 HPs)
             Began as a Ghoul Earth Elementalist on July 14, 2019.
             Slain by an orc wizard
             ... wielding a +2 dagger of electrocution
              (15 damage)
             ... on level 4 of the Dungeon.
             The game lasted 00:08:41 (4265 turns).

MalarOregon the Digger (Ghoul Earth Elementalist)   Turns: 4265, Time: 00:08:41

Health: 0/46       AC:  4    Str: 12    XL:     5   Next: 51%
Magic:  6/6        EV: 12    Int: 11    God:
Gold:   228        SH:  0    Dex:  9    Spells: 6/7 levels left

rFire    . . .     SeeInvis .   m - +1 dagger (venom)
rCold    + . .     Gourm    .   (no shield)
rNeg     + + +     Faith    .   c - +0 robe
rPois    ∞         Spirit   .   (no helmet)
rElec    .         Reflect  .   (no cloak)
rCorr    .         Harm     .   b - +0 pair of gloves
MR       +....                  o - +0 pair of boots
Stlth    ++........             (no amulet)
HPRegen  0.00/turn              l - ring of protection from magic
MPRegen  0.10/turn              (no ring)

@: rotting
A: rotting body, claws 1, carnivore, cold resistance 1, negative energy
resistance 3, inhibited regeneration, torment resistance, unbreathing
a: no special abilities


You were on level 4 of the Dungeon.
You were hungry.

You visited 1 branch of the dungeon, and saw 5 of its levels.

You collected 228 gold pieces.

Inventory:

Hand Weapons
 m - a +1 dagger of venom (weapon)
   (You found it on level 3 of the Dungeon)
Armour
 b - a +0 pair of gloves (worn)
   (You found it on level 3 of the Dungeon)
 c - a +0 robe (worn)
 o - a +0 pair of boots (worn)
   (You found it on level 4 of the Dungeon)
Jewellery
 l - a ring of protection from magic (left hand)
   (You found it on level 1 of the Dungeon)
Scrolls
 a - 4 scrolls of enchant weapon {unknown}
 d - 4 scrolls of remove curse {unknown}
 f - 4 scrolls of identify {unknown}
 g - 2 scrolls of teleportation {unknown}
 j - a scroll of immolation {unknown}
 k - a scroll of fog {unknown}
 n - 2 scrolls of fear {unknown}
Potions
 h - a potion of curing {unknown}
 i - a potion of agility {unknown}
 p - a potion of lignification {unknown}
Comestibles
 e - 10 rations {!d}
 q - a chunk of flesh


   Skills:
 + Level 4.0 Fighting
 - Level 1.7 Dodging
 - Level 2.1 Stealth
 - Level 1.7 Spellcasting
   Level 0.8 Transmutations
 - Level 5.0 Earth Magic


You had 6 spell levels left.
You knew the following spells:

 Your Spells              Type           Power        Failure   Level  Hunger
a - Sandblast             Erth           ##....       3%          1    ##.....

Your spell library contained the following spells:

 Spells                   Type           Power        Failure   Level  Hunger
 Passwall                 Tmut/Erth      #.......     14%         2    ###....
 Stone Arrow              Conj/Erth      #.....       32%         3    ####...
 Petrify                  Tmut/Erth      #.......     65%         4    #####..
 Lee's Rapid Deconstruct  Erth           ##........   71%         5    ######.


Dungeon Overview and Level Annotations

Branches:
Dungeon (5/15)
 Temple: D:4-7

Altars:


Innate Abilities, Weirdness & Mutations

Your body is rotting away.
You thrive on raw meat.
You are immune to poison.
You have sharp fingernails.
You are carnivorous and can eat meat at any time.
Your flesh is cold resistant. (rC+)
You are immune to negative energy. (rN+++)
You do not regenerate when monsters are visible.
You are immune to unholy pain and torment.
You can survive without breathing.


Message History

No target in view!
Found a leather armour.
No target in view!
You see here a leather armour.
You feel your flesh rotting away.
Eating one of 2 chunks of flesh.
You eat one of the 2 chunks of flesh.
You feel more resilient.
This raw flesh tastes great!
Key pressed, stopping explore.
No target in view!
You are feeling hungry.
No target in view!
A leopard gecko comes into view.
The helpless leopard gecko fails to defend itself.
You hit the leopard gecko.
You kill the leopard gecko!
An orc comes into view. It is wielding a +0 whip.
The orc shouts!
You hear a shout! x3
The orc hits you with a +0 whip.
An orc comes into view. It is wielding a +0 dagger.
You hit the orc but do no damage.
The orc is poisoned.
The orc hits you with a +0 whip.
There are monsters nearby!
You barely miss the orc.
An orc comes into view. It is wielding a +0 flail.
There are monsters nearby!
You hit the orc.
The orc is poisoned.
An orc wizard comes into view.
It is wielding a +2 dagger of electrocution.
The orc barely misses you.
You hit the orc.
You kill the orc!
Your Fighting skill increases to level 4!
The orc hits you with a +0 dagger.
You hit the orc.
You kill the orc!
The orc hits you but does no damage.
Unknown command.
You hit the orc.
The orc is poisoned.
You miss the orc wizard.
The orc wizard hits you with a +2 dagger of electrocution.
You hit the orc wizard.
The orc wizard hits you with a +2 dagger of electrocution.
You are electrocuted!!
* * * LOW HITPOINT WARNING * * *
You hit the orc wizard.
The orc wizard is poisoned.
You kill the orc!
The orc wizard misses you.
You miss the orc wizard.
The orc wizard hits you but does no damage.
You are electrocuted!
You die...

.......###......##########
###..#..#...#####
###..##.....####
...............####
###########.##....#
#.#.....### #.#.##....#
#.#.#.###.# #.#.##@o).#
#.#.#)###.# #.#.## #.# ..#
# ..# #


You could see an orc wizard.

Vanquished Creatures
  Ijyb (D:3)
  5 adders
  2 worms
  4 dart slugs
  4 leopard geckos
  9 orcs
  7 bats
  2 giant cockroaches
  5 goblins
  7 hobgoblins
  4 jackals (D:2)
  6 kobolds
  A quokka (D:2)
  4 ball pythons (D:1)
  6 frilled lizards
  6 rats
73 creatures vanquished.

Notes
Turn   | Place    | Note
-------+----------+-------------------------------------------
     0 | D:1      | MalarOregon the Ghoul Earth Elementalist began the quest
                  | for the Orb.
     0 | D:1      | Reached XP level 1. HP: 14/14 MP: 2/2
   336 | D:1      | Reached XP level 2. HP: 20/20 MP: 1/3
   337 | D:1      | Reached skill level 4 in Earth Magic
  1089 | D:2      | Reached XP level 3. HP: 18/25 MP: 1/4
  1365 | D:2      | Reached skill level 5 in Earth Magic
  1431 | D:2      | Reached skill level 1 in Fighting
  1431 | D:2      | Reached XP level 4. HP: 23/35 MP: 0/5
  2038 | D:3      | Noticed Ijyb
  2807 | D:5      | Entered Level 5 of the Dungeon
  3255 | D:3      | Reached XP level 5. HP: 12/45 MP: 6/6
  3633 | D:3      | Paralysed by Ijyb for 5 turns
  3645 | D:3      | Killed Ijyb
  4265 | D:4      | Slain by an orc wizard

Skill      XL: |  1  2  3  4  5 |
---------------+----------------+-----
Earth Magic    | 4 5 |  5.0
Fighting       | 1 3 4 |  4.0
Dodging        | |  1.7
Stealth        | |  2.1
Spellcasting   | |  1.7
Transmutations | |  0.8

Action                   |  1- 3 |  4- 6 || total
-------------------------+-------+-------++-------
Melee: Unarmed           |    15 |   124 ||   139
       Dagger            |       |    42 ||    42
 Cast: Sandblast         |    43 |    29 ||    72
  Use: Potion            |       |     1 ||     1
 Stab: Sleeping          |       |     2 ||     2
       Distracted        |       |     1 ||     1
  Eat: Chunk             |     7 |     9 ||    16
Armor: Robe              |     9 |    25 ||    34
Dodge: Dodged            |    18 |    92 ||   110
